Zazza, neutral female human Tourist -------- -------- # # --------- |.......# |......| ---+--- |.......+# |......|# |......|##############+.....| |.......|# |......|# |......| |>....+#######+.......|# |......|# |......| |.....|# ----.----# --------# ----|-|- --+-.--# ## # # # ###### #### # # # # ### # # # # # # # # # ###### ######################### @r## ### # ## # # # #----.---- f----- # ########## ##### # #|.>.....| #|...|### ----.-.------# # # # #........| #.....#####........%...|############################## # |.......| |...|# |...........+########## # -|----.-+- ##+.......| |....# |.....<...%.| ##+........| # |.......| ----- ------------- |........+### --------- |.{......| ---------- Zazza the Rambler Experience level: 1 Strength: 10 Dexterity: 11 Constitution: 16 Intelligence: 12 Wisdom: 11 Charisma: 15 Health: 0(10) Energy: 2(2) Def: 0 Gold: 786 Moves: 1432 Dungeon seed: HHjrQ6iFFd5C2VNT Game ID: Zazza_1596794444 Your Inventory: Coins $ - 786 gold pieces Weapons a - 40 +2 darts (in quiver) C - 16 +0 crossbow bolts F - 7 +1 darts Armor e - a blessed +0 Hawaiian shirt Comestibles b - 6 uncursed food rations c - 3 uncursed tripe rations d - an uncursed pear Scrolls i - 2 uncursed scrolls of magic mapping A - an uncursed scroll of confuse monster B - a cursed scroll of destroy armor Potions g - a blessed potion of extra healing h - an uncursed potion of extra healing Rings s - an uncursed ring of poison resistance Wands t - a wand of light (0:13) w - a wand of cold (0:6) E - a wand of striking (0:4) Tools j - an expensive camera (0:36) k - an uncursed credit card D - an uncursed wooden harp Spells and supernatural/magical abilities: Name Level Category Fail Memory W - pray for help -- divine ? -- Your skills at the end: Fighting Skills Weapon Skills dart [Basic] Spellcasting Skills Final Attributes: You were nominally aligned. You are dead. Vanquished creatures: 2 large kobolds a gnome zombie a gecko 2 jackals a kobold 9 grid bugs 4 lichens a kobold zombie 2 newts 23 creatures vanquished. Voluntary challenges: You were vegetarian. You never hit with a wielded weapon. You read items or engraved 4 times, starting on turn 606. You never genocided any monsters. You never polymorphed an object. You never changed form. You used no wishes. You never split a pudding. You never wrote Elbereth's name. You never violated your personal moral code. Dungeon overview: The Dungeons of Doom: levels 1 to 4 Level 1 a long staircase Level 2 an altar to Blind Io Level 3 some fountains Level 4 <- You were here a fountain a long staircase History has recorded: On T:1 you entered the Dungeons of Doom to retrieve the Amulet of Yendor! On T:458 you reached level 2 of The Dungeons of Doom. On T:1035 you reached level 3 of The Dungeons of Doom. On T:1261 you reached level 4 of The Dungeons of Doom. Score breakdown: Gold: 330 ( 8571 points) Experience: 1 level ( 0 points) Exploration: 4 levels ( 7.55%) ( 7205 points) Discoveries: 1 item ( 0.34%) ( 1737 points) Valuables value: (no points given unless you survive) Artifact value: 0 ( 0 points) Variety of kills: 9 monsters ( 2.36%) ( 4610 points) Turncount: 1432 turns ( 0 points) Survival: died (score multiplied by 80%) Total score: 17698 Latest messages: As you read the scroll, it disappears. A map coalesces in your mind! You displace Armand. You stop. Armand is in the way! You displace Armand. The door opens. KABOOM!! The door was booby-trapped! You stagger... You feel a bit steadier now. That food really hit the spot! You hear bubbling water. You finish eating the food ration. The giant rat bites! (2x) Armand misses the giant rat. You miss the giant rat. The giant rat bites! Armand bites the giant rat. The giant rat misses Armand. You write in the dust with your fingers. The giant rat bites! You die... Final status: Aloha Zazza the Tourist, killed by a giant rat... You died in The Dungeons of Doom on dungeon level 4 with 17698 points, and 786 pieces of gold, after 1432 moves. You were level 1 with a maximum of 10 hit points when you died.